 Dungeon Crawl Stone Soup version 0.23.2-1-ga50397a (webtiles) character file.

Game seed: 6408679219243306800

1042 Fortress the Digger (level 8, -1/52 HPs)
             Began as a Formicid Earth Elementalist on May 29, 2019.
             Shot with an arrow by a centaur (17 damage)
             ... on level 5 of the Dungeon.
             The game lasted 00:41:04 (5827 turns).

Fortress the Digger (Formicid Earth Elementalist)   Turns: 5827, Time: 00:41:05

Health: -1/52      AC:  3    Str: 13    XL:     8   Next: 49%
Magic:  12/15      EV: 11    Int: 17    God:
Gold:   193        SH:  0    Dex: 11    Spells: 11/17 levels left

rFire    . . .     SeeInvis +   a - +2 dagger (drain)
rCold    . . .     Gourm    .   (no shield)
rNeg     . . .     Faith    .   n - +0 leather armour
rPois    .         Spirit   .   (helmet unavailable)
rElec    .         Reflect  .   (no cloak)
rCorr    .         Harm     .   (no gloves)
MR       .....                  (no boots)
Stlth    ++........             (no amulet)
HPRegen  0.17/turn              (no ring)
MPRegen  0.14/turn              (no ring)

@: no status effects
A: permanent stasis, dig shafts and tunnels, four strong arms, antennae 3
a: Dig, Shaft Self


You were on level 5 of the Dungeon.
You were not hungry.

You visited 1 branch of the dungeon, and saw 6 of its levels.

You collected 193 gold pieces.

Inventory:

Hand Weapons
 a - a +2 dagger of draining (weapon)
 e - a +0 hunting sling
Missiles
 b - 6 stones (quivered)
Armour
 c - a +0 robe
 n - a +0 leather armour (worn)
Wands
 d - a wand of polymorph (8)
Scrolls
 i - 2 scrolls of remove curse
 m - 2 scrolls of identify
Potions
 f - a potion of mutation
 g - 3 potions of curing
 k - a potion of brilliance {unknown}
 o - a potion of agility {unknown}
 p - a potion of invisibility {unknown}


   Skills:
 + Level 3.6 Armour
 - Level 1.7 Dodging
 - Level 2.4 Stealth
 - Level 5.0 Spellcasting
 + Level 3.7 Conjurations
 - Level 1.1 Transmutations
 + Level 7.9 Earth Magic


You had 11 spell levels left.
You knew the following spells:

 Your Spells              Type           Power        Failure   Level  Hunger
a - Sandblast             Erth           ####..       1%          1    None
b - Passwall              Tmut/Erth      ###.....     4%          2    #......
c - Stone Arrow           Conj/Erth      ###...       4%          3    ###....

Your spell library contained the following spells:

 Spells                   Type           Power        Failure   Level  Hunger
 Lee's Rapid Deconstruct  Erth           ####......   19%         5    ######.
 Petrify                  Tmut/Erth      ###.....     26%         4    ####...


Dungeon Overview and Level Annotations

Branches:
Dungeon (6/15)
 Temple: D:4-7

Altars:
Elyvilon
Gozag
Sif Muna
Zin
The Shining One


Innate Abilities, Weirdness & Mutations

You cannot be hasted, slowed, berserked, paralysed or teleported.
You can dig through walls and to a lower floor.
Your four strong arms can wield two-handed weapons with a shield.
You have a pair of large antennae on your head. (SInv)


Message History

Your magical contamination has completely faded away.
You start resting.
You hear the rapid rusting of a very distant drain.
You start resting.
You hear the rapid rusting of a very distant drain.
You see here an orc corpse.
Things that are here:
a +0 shortbow; 17 arrows; a centaur corpse
Found a long sword.
A centaur comes into view.
The centaur shouts!
The centaur wields a cursed -2 shortbow.
The centaur shoots an arrow.
The arrow hits you.
You see here an arrow.
The centaur shoots an arrow.
The arrow hits you!
Found a scroll of remove curse.
You see here an arrow.
The centaur shoots an arrow.
The arrow hits you!
The centaur shoots an arrow.
The arrow hits you!
You die...

..#..#.
##..###........
.....#
#..(.......##.
.......
#.#(....#..#
######..
#.#...###..# .
#...##..†.##
#..#?.
#.....)#..##....
##.)...#..#.#.##..
##......(........
#......(@.#....
##...##...# .
##..........
#..#....##...
#####..... ...
##..... c. ##.##)
# .# .#


You could see a centaur.

Vanquished Creatures
  Sigmund (D:2)
  Menkaure (D:4)
  A phantom (D:5)
  An ice beast (D:5)
  An ogre (D:5)
  A centaur (D:5)
  A jelly (D:5)
  2 orc priests
  A hound (D:5)
  3 orc wizards
  3 gnolls (D:3)
  8 adders
  2 oozes (D:3)
  6 worms
  2 dart slugs
  3 leopard geckos
  7 orcs
  4 ball pythons
  2 giant cockroaches
  6 hobgoblins
  10 jackals
  A quokka (D:2)
  6 bats
  7 frilled lizards
  10 goblins
  9 kobolds
  A leopard gecko zombie (D:5)
  8 rats
108 creatures vanquished.

Vanquished Creatures (others)
  A giant cockroach (D:2)
  A quokka (D:2)
  A kobold (D:2)
3 creatures vanquished.

Grand Total: 111 creatures vanquished

Notes
Turn   | Place    | Note
-------+----------+-------------------------------------------
     0 | D:1      | Fortress the Formicid Earth Elementalist began the quest
                  | for the Orb.
     0 | D:1      | Reached XP level 1. HP: 13/13 MP: 3/3
   148 | D:1      | Reached skill level 4 in Earth Magic
   150 | D:1      | Reached XP level 2. HP: 14/19 MP: 0/5
   617 | D:1      | Reached XP level 3. HP: 19/24 MP: 1/6
  1090 | D:2      | Learned a level 2 spell: Passwall
  1094 | D:2      | Learned a level 3 spell: Stone Arrow
  1205 | D:2      | Reached skill level 5 in Earth Magic
  1342 | D:2      | Noticed Sigmund
  1374 | D:2      | Reached XP level 4. HP: 28/30 MP: 1/8
  1871 | D:2      | Found a glowing golden altar of the Shining One.
  1960 | D:2      | Found a white marble altar of Elyvilon.
  2102 | D:2      | Killed Sigmund
  2102 | D:2      | Reached skill level 1 in Conjurations
  2102 | D:2      | Reached XP level 5. HP: 10/35 MP: 1/12
  2102 | D:2      | Reached XP level 6. HP: 12/41 MP: 1/13
  2506 | D:3      | Reached skill level 5 in Spellcasting
  2916 | D:3      | Reached skill level 1 in Armour
  4299 | D:3      | Reached XP level 7. HP: 20/46 MP: 2/14
  4689 | D:4      | Noticed Menkaure
  4835 | D:4      | Killed Menkaure
  4835 | D:4      | Reached skill level 6 in Earth Magic
  5118 | D:5      | Entered Level 5 of the Dungeon
  5361 | D:5      | Reached XP level 8. HP: 30/52 MP: 0/15
  5515 | D:5      | Reached skill level 7 in Earth Magic
  5536 | D:5      | Found a glowing silver altar of Zin.
  5536 | D:5      | Found an opulent altar of Gozag.
  5583 | D:5      | Found a deep blue altar of Sif Muna.
  5827 | D:5      | Shot with an arrow by a centaur

Skill      XL: |  1  2  3  4  5  6  7  8 |
---------------+-------------------------+-----
Earth Magic    | 4 5 6 7 |  7.9
Spellcasting   | 4 5 |  5.0
Conjurations   | 1 2 3 |  3.7
Armour         | 1 2 3 |  3.6
Dodging        | |  1.7
Stealth        | |  2.4
Transmutations | |  1.1

Action                   |  1- 3 |  4- 6 |  7- 9 || total
-------------------------+-------+-------+-------++-------
Melee: Dagger            |    25 |    78 |    37 ||   140
 Cast: Sandblast         |    36 |    29 |    27 ||    92
       Stone Arrow       |     4 |    36 |    25 ||    65
  Use: Scroll            |       |       |     5 ||     5
 Stab: Sleeping          |       |     1 |       ||     1
  Eat: Chunk             |     2 |     7 |       ||     9
       Ration            |       |     2 |     2 ||     4
Armor: Robe              |    10 |     1 |       ||    11
       Leather armour    |       |    18 |    17 ||    35
Dodge: Dodged            |    26 |    55 |    28 ||   109
